 Dungeon Crawl Stone Soup version 0.25.0-10-g039870ee82 (webtiles) character file.

Game seed: 5486635139628506149

674 Delamore the Cleaver (level 7, 0/57 HPs)
             Began as a Hill Orc Monk on June 23, 2020.
             Slain by Edmund
             ... wielding a +2 vorpal dire flail
              (10 damage)
             ... on level 5 of the Dungeon.
             The game lasted 00:04:57 (5577 turns).

Delamore the Cleaver (Hill Orc Monk)                Turns: 5577, Time: 00:04:58

Health: 0/57       AC: 12    Str: 16    XL:     7   Next: 59%
Magic:  7/7        EV: 10    Int: 10    God:
Gold:   187        SH:  3    Dex: 13    Spells: 6/6 levels left

rFire    + . .     SeeInvis .   a - +0 hand axe
rCold    . . .     Gourm    .   k - +0 buckler
rNeg     . . .     Faith    .   m - +3 chain mail {rF+}
rPois    .         Spirit   .   r - +0 helmet
rElec    .         Reflect  .   (no cloak)
rCorr    .         Harm     .   (no gloves)
MR       .....                  (no boots)
Stlth    ..........             (no amulet)
HPRegen  0.19/turn              s - +4 ring of evasion
MPRegen  0.10/turn              y - ring of attention (curse)

@: no status effects
A: no striking features
a: no special abilities


You were on level 5 of the Dungeon.
You were not hungry.

You visited 1 branch of the dungeon, and saw 5 of its levels.

You collected 187 gold pieces.

Inventory:

Hand Weapons
 a - a +0 hand axe (weapon)
Missiles
 B - 16 poisoned darts (quivered)
Armour
 k - a +0 buckler (worn)
 m - a +3 chain mail of fire resistance (worn)
 r - a +0 helmet (worn)
Jewellery
 s - a +4 ring of evasion (left hand)
 y - a cursed ring of attention (right hand)
 A - an uncursed ring of stealth {unknown}
Wands
 u - a wand of polymorph (7)
Scrolls
 d - a scroll of enchant weapon {unknown}
 e - a scroll of random uselessness {unknown}
 g - a scroll of remove curse {unknown}
 l - a scroll of magic mapping
 n - a scroll of noise
 q - a scroll of teleportation
 t - 2 scrolls of enchant armour
 v - a scroll of fog
 x - a scroll of identify {unknown}
 z - a scroll of amnesia {unknown}
Potions
 b - 2 potions of flight {unknown}
 f - 2 potions of lignification {unknown}
 h - 2 potions of curing
 i - a potion of resistance {unknown}
 o - a potion of berserk rage {unknown}
 p - a potion of brilliance {unknown}
 w - a potion of degeneration {unknown}
Comestibles
 c - 6 rations
 C - a chunk of flesh


   Skills:
 - Level 3.6 Fighting
 + Level 11.1 Axes
 - Level 2.4 Dodging
 - Level 1.5 Stealth


You had 6 spell levels left.
You didn't know any spells.
Your spell library contained the following spells:

 Spells                   Type           Power        Failure   Level  Hunger
 Confusing Touch          Hex            #.......     100%        3    ####...
 Gell's Gravitas          Tloc           #.........   100%        3    ####...
 Petrify                  Tmut/Erth      #.......     100%        4    #####..
 Metabolic Englaciation   Hex/Ice        #.........   100%        5    ######.
 Yara's Violent Unravell  Hex/Tmut       #.........   100%        5    ######.


Dungeon Overview and Level Annotations

Branches:
Dungeon (5/15)
 Temple: D:4-7

Altars:
Elyvilon
Gozag
Hepliaklqana
Kikubaaqudgha
Sif Muna
Trog
Wu Jian
Yredelemnul

Shops:
D:4 %

Annotations:
D:5 Edmund


Message History

Edmund is severely wounded.
Edmund barely misses you.
There is an escape hatch in the floor here.
A jackal comes into view.
Edmund gestures with his flail.
You slash the jackal!
You kill the jackal!
You hit Edmund but do no damage. You hit Edmund but do no damage.
Edmund is severely wounded.
Edmund barely misses you.
You barely miss Edmund.
Edmund is severely wounded.
Edmund hits you but does no damage.
You hit Edmund.
Edmund is severely wounded.
You closely miss Edmund.
Edmund is severely wounded.
Edmund hits you with a +2 vorpal dire flail!
You die...

. #.# #.. #.#
#.#
..#.g######.#
#.#
.....g.g.##.#
#.#
###.####g##.#
#.# # #.##.#
#.# #. #.##†#
#.# #.####.##@#
#.# #....>gg@.#
#<#
###....######.#
##.#### #.)..#
#...## #.####
#.###.## #.#
#.# ##.# #.#
... #.# #)# ###
##.# #.#


You could see Edmund (strong) and 2 gnolls.

Vanquished Creatures
  3 ogres
  A scorpion (D:4)
  2 orc priests (D:3)
  Jessica (D:3)
  Terence (D:2)
  A worker ant (D:4)
  A hound skeleton (D:4)
  Robin (D:2)
  5 adders
  A shadow imp (D:5)
  2 oozes
  An adder skeleton (D:4)
  8 worms
  3 dart slugs
  5 leopard geckos
  11 orcs
  6 bats
  2 bat zombies (D:2)
  4 giant cockroaches
  20 goblins
  10 hobgoblins
  2 jackals (D:5)
  6 quokkas
  A ball python (D:4)
  5 frilled lizards
  8 kobolds
  A quokka skeleton (D:4)
  6 rats
  A rat zombie (D:2)
119 creatures vanquished.

Notes
Turn   | Place    | Note
-------+----------+-------------------------------------------
     0 | D:1      | Delamore the Hill Orc Monk began the quest for the Orb.
     0 | D:1      | Reached XP level 1. HP: 19/19 MP: 1/1
   241 | D:1      | Reached XP level 2. HP: 15/26 MP: 2/2
   501 | D:1      | Reached skill level 5 in Axes
   885 | D:1      | Reached XP level 3. HP: 31/31 MP: 3/3
  1520 | D:2      | Noticed Terence
  1553 | D:2      | Killed Terence
  1553 | D:2      | Reached skill level 6 in Axes
  1553 | D:2      | Reached XP level 4. HP: 13/39 MP: 4/4
  2073 | D:2      | Reached skill level 7 in Axes
  2187 | D:2      | Noticed Robin
  2204 | D:2      | Killed Robin
  2204 | D:2      | Reached XP level 5. HP: 40/45 MP: 5/5
  2346 | D:2      | Found an ancient bone altar of Kikubaaqudgha.
  2853 | D:3      | Found a shimmering blue altar of Sif Muna.
  2902 | D:3      | Reached skill level 8 in Axes
  2954 | D:3      | Found a basalt altar of Yredelemnul.
  2983 | D:3      | Noticed Jessica
  2988 | D:3      | Killed Jessica
  3076 | D:3      | Reached XP level 6. HP: 11/51 MP: 6/6
  3731 | D:3      | Found a white marble altar of Elyvilon.
  3843 | D:3      | Found a hazy altar of Hepliaklqana.
  3858 | D:3      | Reached skill level 9 in Axes
  4015 | D:3      | HP: 2/51 [orc priest/+0 hand axe (1)]
  4325 | D:4      | Found a bloodstained altar of Trog.
  4402 | D:4      | Found an opulent altar of Gozag.
  4651 | D:4      | Reached skill level 10 in Axes
  4671 | D:4      | Found an ornate altar of the Wu Jian Council.
  4714 | D:4      | Reached XP level 7. HP: 53/57 MP: 7/7
  5269 | D:4      | Found Rozuop's Food Shoppe.
  5338 | D:5      | Entered Level 5 of the Dungeon
  5374 | D:5      | Reached skill level 11 in Axes
  5543 | D:5      | Noticed Edmund
  5577 | D:5      | Slain by Edmund

Illustrated notes

Levels and vault maps discovered:
D:1:      lightli_arrival_flooded_house, layout_basic, minmay_misc_feat_rugged,
          minivault_11, hex_large
D:2:      layout_basic, lemuel_zombie_altar_kikubaaqudgha,
          minmay_tiny_reverse_x, uniq_robin, uniq_terence
D:3:      layout_loops_ring, kennysheep_ying_yang, lemuel_round_altar,
          lemuel_blue_sif_altar, uniq_jessica
D:4:      layout_loops_ring, lemuel_crystal_altar, marbit_many_paths,
          old_standard_altar, serial_shops, nicolae_shop_trees
D:5:      layout_loops_ring, first_ration, ebering_ghost_sewer_f, uniq_edmund

Skill      XL: |  1  2  3  4  5  6  7 |
---------------+----------------------+-----
Axes           | 5 6 7 8 10 11 | 11.1
Fighting       | |  3.6
Dodging        | |  2.4
Stealth        | |  1.5

Action                   |  1- 3 |  4- 6 |  7- 9 || total
-------------------------+-------+-------+-------++-------
Melee: Hand axe          |   118 |   314 |   100 ||   532
  Use: Potion            |     2 |     2 |     2 ||     6
       Scroll            |       |     3 |     2 ||     5
  Eat: Chunk             |     2 |     9 |     4 ||    15
Armor: Robe              |    10 |       |       ||    10
       Leather armour    |    12 |       |       ||    12
       Chain mail        |       |   129 |    16 ||   145
Dodge: Dodged            |    87 |   139 |    30 ||   256
Block: Buckler           |    11 |    40 |    12 ||    63
